 Dungeon Crawl Stone Soup version 0.28-a0-1152-g9c71ebef14 (webtiles) character file.

Game seed: 3838177790236222133

409 spaghetti the Ducker (level 6, -3/42 HPs)
             Began as an Octopode Delver on Dec 14, 2021.
             Slain by a sky beast (6 damage)
             ... on level 6 of the Dungeon.
             The game lasted 00:00:59 (947 turns).

spaghetti the Ducker (Octopode Delver)               Turns: 947, Time: 00:00:59

Health: -3/42      AC:  1    Str: 12    XL:     6   Next: 89%
Magic:  6/6        EV: 16    Int: 14    God:
Gold:   20         SH:  0    Dex: 13    Spells: 5/5 levels left

rFire   . . .      SeeInvis .   a - +0 short sword {short}
rCold   . . .      Faith    .   (no shield)
rNeg    . . .      Spirit   .   (helmet restricted)
rPois   .          Reflect  .   (no amulet)
rElec   .          Harm     .   (no ring)
rCorr   .          Rampage  .   (no ring)
Will    .....                   (no ring)
Stlth   ++++......              (no ring)
HPRegen 0.14/turn               (no ring)
MPRegen 0.10/turn               (no ring)
                                (no ring)
                                (no ring)

@: no status effects
A: almost no armour, amphibious, 8 rings, camouflage 1, gelatinous body 1,
(nimble swimmer 1), tentacles
a: no special abilities


You were on level 6 of the Dungeon.
You visited 1 branch of the dungeon, and saw 2 of its levels.

You collected 20 gold pieces.


Innate Abilities, Weirdness & Mutations

You cannot wear most types of armour.
You are amphibious.
You can wear up to eight rings at the same time.
Your skin changes colour to match your surroundings (Stealth+).
Your rubbery body absorbs attacks. (AC +1, EV +1)
((You are camouflaged near water. (Stealth+)))
You have tentacles for arms and can constrict up to eight enemies at once.


   Skills:
 - Level 3.0 Fighting
 - Level 2.0 Short Blades
 + Level 7.1 Dodging
 - Level 6.6 Stealth


You had 5 spell levels left.
You didn't know any spells.
Your spell library was empty.

Inventory:

Hand Weapons
 a - a +0 short sword (weapon) {short}
Missiles
 g - 67 arrows
 h - 24 bolts
Wands
 f - a wand of digging (3)
Scrolls
 b - a scroll of fog
 c - a scroll of magic mapping {!r}
 d - a scroll of fear
Potions
 e - a potion of haste {@q3}

Dungeon Overview and Level Annotations

Branches:
Dungeon (6/15)
 Temple: D:4-7

Altars:

#.....###.##
####.## ##.#
##.###.## #..#..#
..######### #.#.#.#
.....S....#
##.###.#
######.#.###...##.#
#.#...Y.#....#
#.#####@..#### #o#
##.## #.######.#
#........#
##########


You could see a sky beast.


Message History

You constrict the necrophage, but do no damage.
The necrophage closely misses you.
You hit the necrophage. You constrict the necrophage. The necrophage hits you.
* * * LOW HITPOINT WARNING * * *
😨 HP[-1]
You take 1 damage, and now have 13/40 hp.
Unknown command.
You hit the necrophage but do no damage.
You squeeze the necrophage.
You destroy the necrophage!
Your life force feels restored.
You now have 42 max hp (+2).
You start resting. 😎 HP[+29]
Your hp is fully restored (42).
A phantom comes into view.
You see here 17 arrows.
The helpless phantom fails to defend itself.
You puncture the phantom! Your squeeze misses the phantom.
The phantom misses you.
You barely miss the phantom. Your squeeze misses the phantom.
The phantom hits you. 😕 HP[-6]
You take 6 damage, and now have 36/42 hp.
You hit the phantom. You squeeze the phantom. The phantom hits you!
The phantom blinks!
You blink. 😮 HP[-8]
You take 8 damage, and now have 28/42 hp.
You hit the phantom but do no damage. The phantom hits you. 😮 HP[-4]
You take 4 damage, and now have 24/42 hp.
You hit the phantom but do no damage. The phantom barely misses you.
You hit the phantom. The phantom hits you.
* * * LOW HITPOINT WARNING * * *
😨 HP[-3]
You take 3 damage, and now have 21/42 hp.
Unknown command.
You hit the phantom. Your squeeze misses the phantom. The phantom misses you.
You closely miss the phantom. You squeeze the phantom.
You destroy the phantom!
Your Dodging skill increases to level 7! 😮 HP[+1]
You start resting. 😎 HP[+20]
Your hp is fully restored (42).
g - 67 arrows (gained 17)
Found a stone staircase leading down.
An adder comes into view.
A sky beast and an orc come into view.
The helpless sky beast fails to defend itself.
You puncture the sky beast! Your squeeze misses the sky beast.
The sky beast hits you. The sky beast shocks you. 😕 HP[-6]
You take 6 damage, and now have 36/42 hp.
You hit the sky beast. Your squeeze misses the sky beast.
The sky beast hits you but does no damage.
You hit the sky beast. The sky beast barely misses you.
You closely miss the sky beast. Your squeeze misses the sky beast.
The sky beast completely misses you.
You hit the sky beast.
The sky beast barely misses you. 😕 HP[+1]
You barely miss the sky beast. Your squeeze misses the sky beast.
The sky beast misses you.
You miss the sky beast. Your squeeze misses the sky beast.
The sky beast hits you. The sky beast shocks you. 😮 HP[-9]
You take 9 damage, and now have 28/42 hp.
MASSIVE DAMAGE!! (PAUSE)
You closely miss the sky beast. The sky beast hits you.
The sky beast shocks you.
* * * LOW HITPOINT WARNING * * *
😨 HP[-8]
You take 8 damage, and now have 20/42 hp.
You hit the sky beast but do no damage. Your squeeze misses the sky beast.
The sky beast barely misses you.
You hit the sky beast but do no damage. The sky beast hits you.
* * * LOW HITPOINT WARNING * * *
The sky beast shocks you.
* * * LOW HITPOINT WARNING * * *
😨 HP[-8]
You take 8 damage, and now have 12/42 hp.
You hit the sky beast but do no damage. Your squeeze misses the sky beast.
The sky beast completely misses you.
Unknown command.
You hit the sky beast but do no damage. The sky beast hits you.
* * * LOW HITPOINT WARNING * * *
The sky beast shocks you.
* * * LOW HITPOINT WARNING * * *
😱 HP[-6]
You take 6 damage, and now have 6/42 hp.
Press: ? - help, v - describe, . - travel
Here: a sky beast (almost dead)
The floor.
Unknown command.
Okay, then.
You hit the sky beast but do no damage. The sky beast hits you.
* * * LOW HITPOINT WARNING * * *
The sky beast shocks you.
You die...

Skill      XL: |  1  2  3  4  5  6 |
---------------+-------------------+-----
Dodging        | 4 5 6 7 |  7.1
Fighting       | |  3.0
Short Blades   | |  2.0
Stealth        | |  6.6

Action                   |  1- 3 |  4- 6 || total
-------------------------+-------+-------++-------
Melee: Short sword       |     3 |    39 ||    42
       Tentacles         |     1 |     9 ||    10
       Constrict         |       |     4 ||     4
 Stab: Sleeping          |     1 |     2 ||     3
Armor: Skin              |     3 |     1 ||     4
Dodge: Dodged            |     4 |    18 ||    22

Levels and vault maps discovered:
D:5:      layout_cave_pools, uniq_grinder, uniq_duvessa, uniq_pikel
D:6:      layout_loops_ring

Notes
Turn   | Place    | Note
-------+----------+-------------------------------------------
     0 | D:5      | spaghetti the Octopode Delver began the quest for the Orb.
     0 | D:5      | Reached XP level 1. HP: 16/16 MP: 1/1
     0 | D:5      | magus.rc [v1.9.6]
    15 | D:5      | HP: 3/16 [quokka (4)]
    20 | D:6      | Noticed a centaur
    22 | D:6      | Killed a centaur
    23 | D:6      | Reached skill level 4 in Dodging
    23 | D:6      | Reached XP level 2. HP: 5/21 MP: 2/2
    23 | D:6      | Reached XP level 3. HP: 6/26 MP: 3/3
    23 | D:6      | Reached XP level 4. HP: 8/31 MP: 4/4
    23 | D:6      | HP: 4/31 [quokka (4)]
   318 | D:6      | Noticed a water moccasin
   323 | D:6      | Killed a water moccasin
   324 | D:6      | Reached skill level 5 in Dodging
   324 | D:6      | Reached XP level 5. HP: 23/36 MP: 5/5
   480 | D:6      | Noticed a necrophage
   485 | D:6      | Reached skill level 6 in Dodging
   485 | D:6      | Reached XP level 6. HP: 32/42 MP: 6/6
   491 | D:6      | Killed a necrophage
   727 | D:6      | Reached skill level 7 in Dodging
   927 | D:6      | Noticed a sky beast
   943 | D:6      | HP: 6/42 [sky beast (5)]
   947 | D:6      | Slain by a sky beast

Vanquished Creatures
  A water moccasin (D:6)
  A necrophage (D:6)
  A centaur (D:6)
  A phantom (D:6)
  A bullfrog (D:6)
  A quokka (D:6)
6 creatures vanquished.

Table legend:
 A = Non-vault XP
 B = Vault XP
 C = Vault XP percentage of total XP
 D = Non-vault monster count
 E = Vault monster count
 F = Vault count percentage of total count
                 A         B        C        D         E       F
            +---------+---------+-------+---------+---------+-------
      Total |     585 |       0 |   0.0 |       6 |       0 |   0.0
            +---------+---------+-------+---------+---------+-------
        D:6 |     585 |       0 |   0.0 |       6 |       0 |   0.0
            +---------+---------+-------+---------+---------+-------

Illustrated notes

Table legend:
 A = Kills in this place as a percentage of kills in entire the game.
 B = Kills by you in this place as a percentage of kills by you in the entire game.
 C = Kills by friends in this place as a percentage of kills by friends in the entire game.
 D = Other kills in this place as a percentage of other kills in the entire game.
 E = Experience gained in this place as a percentage of experience gained in the entire game.
 F = Experience gained in this place divided by the number of levels of this place that you have seen.
                   A       B       C       D       E      F
               +-------+-------+-------+-------+-------+----------------------
         Total | 100.0 | 100.0 |   N/A |   N/A | 100.0 | 292.5
       Dungeon | 100.0 | 100.0 |   N/A |   N/A | 100.0 | 292.5
               +-------+-------+-------+-------+-------+----------------------

Table legend: (Time is in decaauts)
 A = Elapsed time spent in this place.
 B = Non-inter-level travel time spent in this place.
 C = Inter-level travel time spent in this place.
 D = Time resting spent in this place.
 E = Time spent auto-exploring this place.
 F = Levels seen in this place.
 G = Mean time per level.
                   A        B        C        D        E       F      G
               +--------+--------+--------+--------+--------+-----+--------+
         Total |    946 |    946 |      0 |    723 |    142 |   2 |  473.0 |
       Dungeon |    946 |    946 |      0 |    723 |    142 |   2 |  473.0 |
               +--------+--------+--------+--------+--------+-----+--------+

Top non-repeatable levels by time:
     D:6: 926 daAuts
     D:5: 20 daAuts
